 Dungeon Crawl Stone Soup version 0.23.1 (webtiles) character file.

Game seed: 8507497264387448882

95 Kairos the Sneak (level 4, 23/23 HPs)
             Began as a Vine Stalker Assassin on Mar 7, 2019.
             Quit the game on level 3 of the Dungeon.
             The game lasted 00:06:40 (2424 turns).

Kairos the Sneak (Vine Stalker Assassin)            Turns: 2424, Time: 00:06:41

Health: 23/23      AC:  5    Str: 13    XL:     4   Next: 66%
Magic:  5/5        EV: 12    Int: 11    God:
Gold:   116        SH:  0    Dex: 17    Spells: 3/3 levels left

rFire    . . .     SeeInvis .   a - +3 dagger
rCold    . . .     Gourm    .   (no shield)
rNeg     . . .     Faith    .   l - +2 robe {Archmagi}
rPois    .         Spirit   +   (no helmet)
rElec    .         Reflect  .   o - +0 cloak
rCorr    .         Harm     +   (no gloves)
MR       .....                  (no boots)
Stlth    +++.......             r - amulet of harm (curse)
HPRegen  0.47/turn              (no ring)
MPRegen  0.09/turn              (no ring)

@: no status effects
A: fangs 2, regeneration 1, magic shield, antimagic bite, no potion heal 3, rot
immunity
a: no special abilities


You were on level 3 of the Dungeon.
You were not hungry.

You visited 1 branch of the dungeon, and saw 3 of its levels.

You collected 116 gold pieces.

Inventory:

Hand Weapons
 a - a +3 dagger (weapon)
 b - a +0 blowgun
Missiles
 e - 8 poisoned needles
 f - 5 curare-tipped needles
Armour
 d - a +0 cloak
 l - a +2 robe of the Archmagi (worn)
 o - a +0 cloak (worn)
Jewellery
 m - an uncursed amulet of the acrobat
 r - a cursed amulet of harm (around neck)
Scrolls
 c - a scroll of immolation {unknown}
 h - a scroll of identify
 k - 2 scrolls of teleportation
 p - a scroll of noise
Potions
 j - a potion of curing {unknown}
 q - a potion of might {unknown}
Comestibles
 g - 5 rations


   Skills:
 + Level 2.1 Fighting
 + Level 2.4 Short Blades
 + Level 1.9 Throwing
 + Level 1.7 Dodging
 + Level 6.1 Stealth


You had 3 spell levels left.
You didn't know any spells.
Your spell library was empty.

Dungeon Overview and Level Annotations

Branches:
Dungeon (3/15)

Altars:
Yredelemnul


Innate Abilities, Weirdness & Mutations

You have extremely sharp teeth.
Your natural rate of healing is unusually fast.
When hurt, damage is shared between your health and your magic reserves.
Your bite disrupts and absorbs the magic of your enemies.
Potions cannot restore your health.
You are immune to rotting.


Message History

A kobold is nearby!
A kobold is nearby!
The kobold shouts!
The kobold closely misses you.
You closely miss the kobold. The kobold hits you but does no damage.
You hit the kobold.
The kobold is moderately wounded.
You hit the kobold but do no damage. Your bite misses the kobold.
The kobold is moderately wounded.
The kobold barely misses you.
You closely miss the kobold. You bite the kobold. You drain its power.
The kobold is heavily wounded.
The kobold closely misses you.
You hit the kobold.
You kill the kobold!
No target in view!
No target in view!
No target in view!
No target in view!
Are you sure you want to abandon this character and quit the game? (Confirm with "yes".)

### #.# #.########.#
#########...@).....#
#.......#.########.#
##.####.#.# #.#
#.#.# #. #.# #.#.#
##.#### #.# #.#.# ..
..# #.# #.#.#
#####.##.#####+#
#.####.#.#
.......#........
#....#.#.#
#......#.....#.#


There were no monsters in sight!

Vanquished Creatures
  3 gnolls (D:2)
  2 adders (D:3)
  2 worms (D:2)
  2 dart slugs
  A leopard gecko (D:3)
  9 bats
  3 giant cockroaches
  A goblin (D:2)
  3 hobgoblins
  2 jackals (D:3)
  A quokka (D:3)
  A frilled lizard (D:1)
  4 kobolds
  3 rats
37 creatures vanquished.

Notes
Turn   | Place    | Note
-------+----------+-------------------------------------------
     0 | D:1      | Kairos the Vine Stalker Assassin began the quest for the
                  | Orb.
     0 | D:1      | Reached XP level 1. HP: 11/11 MP: 2/2
    81 | D:1      | Reached skill level 5 in Stealth
   144 | D:1      | Reached XP level 2. HP: 9/15 MP: 3/3
   682 | D:1      | You fall through a shaft!
  1374 | D:2      | Reached XP level 3. HP: 15/18 MP: 4/4
  1390 | D:2      | Reached skill level 1 in Dodging
  1781 | D:2      | Reached skill level 6 in Stealth
  1781 | D:2      | Gained mutation: Your natural rate of healing is unusually
                  | fast. [Vine Stalker growth]
  1781 | D:2      | Reached XP level 4. HP: 10/23 MP: 0/5
  2230 | D:3      | Found a basalt altar of Yredelemnul.
  2424 | D:3      | Quit the game

Skill      XL: |  1  2  3 |
---------------+----------+-----
Stealth        | 5 6 |  6.1
Short Blades   | 2 |  2.4
Dodging        | 1 |  1.7
Fighting       | 2 |  2.1
Throwing       | |  1.9

Action                   |  1- 3 |  4- 6 || total
-------------------------+-------+-------++-------
Melee: Dagger            |    82 |    46 ||   128
       Bite              |    24 |    10 ||    34
  Use: Scroll            |     6 |       ||     6
 Stab: Sleeping          |     2 |     4 ||     6
       Distracted        |     1 |       ||     1
  Eat: Chunk             |     2 |     3 ||     5
Armor: Robe              |    20 |    11 ||    31
Dodge: Dodged            |    81 |    46 ||   127
